Map: Kairos Junction LE

Players

PengWin

  • Race: Zerg Zerg
  • Spawn Location: 11:00

Erik - Winner!

  • Race: Zerg Zerg
  • Spawn Location: 5:00

Event: 2019 WCS Summer

VOD

Have the link to the VOD?

Description

Time

  • Played on: July 12, 2019, 9:31 a.m.
  • Length: 4:40

All games in this series

Show
View Real Time Build Order
Export as new Build Order

PengWin Zerg 

Build Orders: Pool First 

Get SALT Encoding   

  12  0:01  Drone  
  13  0:13  Overlord  
  13  0:17  Drone  
  14  0:31  Drone x2  
  14  0:35  Drone  
  17  0:45  Spawning Pool  
  16  0:50  Drone, Extractor  
  16  0:57  Drone  
  17  1:14  Hatchery  
  16  1:32  Zergling x6  
  19  1:37  Queen  
  21  1:44  Overlord  
  21  1:52  Metabolic Boost  
  21  1:59  Drone  
  22  2:12  Queen  
  24  2:21  Zergling x2  
  24  2:22  Zergling x2  
  26  2:26  Queen  
  27  2:38  Zergling x8  
  29  2:56  Zergling x8  
  33  3:14  Drone x3  
  33  3:18  Baneling Nest  
  35  3:21  Drone  
  35  3:22  Overlord  
  30  3:36  Drone x3  
  30  3:42  Zergling x2  
  30  3:45  Drone  
  30  3:46  Drone x3  
  35  3:52  Zergling x2  
  35  3:53  Zergling x4  
  38  3:57  Spine Crawler  
  38  4:02  Baneling x3  
  37  4:03  Baneling  
  37  4:09  Zergling x6  
  39  4:18  Drone x4  
Show
View Real Time Build Order
Export as new Build Order

Erik Zerg - Winner!

Build Orders: Pool First, Zergling Baneling 

Get SALT Encoding   

  12  0:00  Drone  
  13  0:09  Drone  
  14  0:14  Drone, Extractor  
  15  0:21  Overlord  
  15  0:36  Spawning Pool  
  15  0:40  Drone  
  15  0:43  Drone  
  15  0:47  Drone  
  15  0:49  Extractor  
  16  0:54  Drone  
  17  1:15  Hatchery  
  16  1:23  Zergling x4  
  18  1:27  Zergling x2  
  19  1:36  Queen  
  21  1:48  Metabolic Boost  
  21  1:52  Overlord  
  21  1:56  Drone  
  22  2:12  Queen  
  22  2:13  Zergling x4  
  26  2:21  Drone  
  27  2:27  Drone  
  28  2:32  Drone  
  27  2:45  Zergling x10  
  31  2:53  Zergling x2  
  32  2:59  Baneling Nest  
  32  3:01  Drone  
  32  3:02  Overlord  
  32  3:10  Zergling x4  
  33  3:21  Zergling x8  
  33  3:23  Zergling x2  
  35  3:34  Zergling x8  
  33  3:44  Zergling x4  
  33  3:45  Baneling x2  
  35  3:55  Zergling x6  
  38  4:01  Baneling  
  38  4:02  Baneling x4  
  38  4:03  Baneling  
  38  4:04  Baneling  
  38  4:09  Drone  
  39  4:14  Drone x2  
  39  4:16  Drone  
  41  4:23  Drone x2  
Tags
 
Add a new tag
Caveats
  • Supply blocks, unpowered buildings, or Contaminate may cause inaccurate times.
  • Supply counts are checked every 10 seconds.